 Dungeon Crawl Stone Soup version 0.18.1-48-g4cf74bf (webtiles) character file.

210 Jerry the Insei (level 5, -2/36 HPs)
             Began as an Octopode Monk on Aug 10, 2016.
             Slain by an orc priest
             ... wielding a +0 club
              (5 damage)
             ... on level 4 of the Dungeon.
             The game lasted 00:08:35 (2615 turns).

Jerry the Insei (Octopode Monk)                     Turns: 2615, Time: 00:08:35

Health: -2/36      AC:  1    Str: 12    XL:     5   Next: 87%
Magic:  5/5        EV: 15    Int: 12    God:
Gold:   160        SH:  0    Dex: 16    Spells: 0 memorised, 4 levels left

rFire  . . .     SeeInvis .       - Unarmed
rCold  . . .     Gourm    .     (no shield)
rNeg   . . .     Faith    .     (helmet restricted)
rPois  .         Spirit   .     (no amulet)
rElec  .         Dismiss  .     (no ring)
rCorr  .         Reflect  .     m - ring of wizardry
SustAt .         Harm     .     p - +2 ring of strength
MR     .....                    (no ring)
Stlth  +++.......               (no ring)
                                (no ring)
                                (no ring)
                                (no ring)

@: very slightly contaminated, invisible, not resistant to hostile enchantments,
fairly stealthy
A: almost no armour, amphibious, 8 rings, constrict 8, camouflage 1, gelatinous
body 1
a: no special abilities


You were on level 4 of the Dungeon.
You were not hungry.

You visited 1 branch of the dungeon, and saw 4 of its levels.

You collected 160 gold pieces.

Inventory:

Missiles
 f - 10 sling bullets
 i - 54 stones (quivered)
Jewellery
 m - a ring of wizardry (right tentacle)
 p - a +2 ring of strength (on tentacle)
Wands
 l - a wand of lightning (9/15)
Scrolls
 c - a scroll of enchant weapon {unknown}
 h - 2 scrolls of identify
Potions
 b - a potion of invisibility
 d - a potion of lignification {unknown}
 e - a potion of might {unknown}
 j - a potion of cure mutation {unknown}
 k - a potion of magic {unknown}
Comestibles
 a - a bread ration
 g - 2 meat rations
 n - 2 royal jellies


   Skills:
 - Level 3.1 Fighting
 + Level 4.7 Dodging
 - Level 2.8 Stealth
 + Level 5.7 Unarmed Combat


You had 4 spell levels left.
You didn't know any spells.

Dungeon Overview and Level Annotations

Branches:
Dungeon (4/15)
 Temple: D:4-7

Altars:


Innate Abilities, Weirdness & Mutations

You cannot wear most types of armour.
You are amphibious.
You can wear up to eight rings at the same time.
You can use your tentacles to constrict eight enemies at once.
Your skin changes colour to match your surroundings (Stealth).
Your rubbery body absorbs attacks (AC +1).


Message History

You bludgeon the orc!
You kill the orc!
The orc priest calls down the wrath of Beogh upon you.
The orc convulses in agony!
The orc dies!
Things that are here:
a short sword; a scale mail You tentacle-slap the scorpion but do no damage.
Your grab misses the scorpion. You squeeze the scorpion!
The scorpion is heavily wounded.
The scorpion misses you.
You tentacle-slap the scorpion but do no damage.
You grab the scorpion.
The scorpion is heavily wounded.
You constrict the scorpion. The scorpion misses you.
The orc wizard casts a spell at you. The puff of flame hits you!
* * * LOW HITPOINT WARNING * * *
The orc priest hits you with a club.
You die...

##......##
##........## ####
#..........# ##...##
#..........#
##⌠.>(⌠###<.........#
#...o...##††........#
#..#......o....#
#..s....#.#...o....#
##⌠...⌠##..(.@>....#
##...####...so.....#
#.## #........[.# ..
#..%.......# .##
#..........# ..
#..........#
##........##
.#(......# . ..(....


You could see a scorpion, an orc priest, an orc wizard and an orc (wandering).

Vanquished Creatures
  2 hounds (D:4)
  An iguana (D:4)
  6 adders
  An ooze (D:2)
  A worm (D:2)
  A giant gecko (D:3)
  4 orcs
  9 bats
  A giant cockroach (D:3)
  6 goblins
  10 hobgoblins
  2 jackals (D:2)
  A quokka (D:3)
  7 giant newts
  6 kobolds
  12 rats
70 creatures vanquished.

Vanquished Creatures (others)
  An orc (D:4)
  A giant cockroach (D:3)
2 creatures vanquished.

Grand Total: 72 creatures vanquished

Notes
Turn   | Place    | Note
--------------------------------------------------------------
     0 | D:1      | Jerry the Octopode Monk began the quest for the Orb.
     0 | D:1      | Reached XP level 1. HP: 16/16 MP: 1/1
    94 | D:1      | Reached XP level 2. HP: 12/21 MP: 2/2
   942 | D:2      | Reached XP level 3. HP: 26/26 MP: 3/3
  1482 | D:2      | Reached XP level 4. HP: 22/31 MP: 4/4
  1861 | D:3      | Reached skill level 5 in Unarmed Combat
  2420 | D:4      | Reached XP level 5. HP: 33/36 MP: 5/5
  2615 | D:4      | Slain by an orc priest

Skill      XL: |  1  2  3  4 |
---------------+-------------+-----
Dodging        | 4 |  4.7
Unarmed Combat | 5 |  5.7
Fighting       | |  3.1
Stealth        | |  2.8

Action                   |  1- 3 |  4- 6 || total
-------------------------+-------+-------++-------
Melee: Unarmed           |    83 |    75 ||   158
       Tentacles         |    14 |    15 ||    29
       Constrict         |    17 |    18 ||    35
       Punch             |       |     4 ||     4
Throw: Stone             |       |     7 ||     7
  Use: Scroll            |     3 |     6 ||     9
       Potion            |       |     1 ||     1
 Stab: Sleeping          |    12 |     6 ||    18
       Invisible         |       |     4 ||     4
  Eat: Chunk             |     2 |     3 ||     5
Armor: Skin              |     4 |     5 ||     9
Dodge: Dodged            |    30 |    40 ||    70
